 Dungeon Crawl Stone Soup version 0.30-a0-765-g3161bf10a1 (webtiles) character file.

Game seed: 10955255839813294108

1522 Conn the Firebug (level 8, -2/47 HPs)
             Began as an Octopode Fire Elementalist on Feb 12, 2023.
             Was a Follower of Sif Muna.
             Engulfed by a cloud of flame (14 damage)
             ... on level 6 of the Dungeon.
             The game lasted 00:09:19 (4540 turns).

Conn the Firebug (Octopode Fire Elementalist)       Turns: 4540, Time: 00:09:19

Health: -2/47      AC:  1    Str:  7    XL:     8   Next: 84%
Magic:  12/17      EV: 13    Int: 26    God:    Sif Muna [*.....]
Gold:   287        SH:  0    Dex: 12    Spells: 6/19 levels left

rFire   . . .      SeeInvis .    o - +4 rapier
rCold   . . .      Faith    .    (no shield)
rNeg    . . .      Spirit   .    (helmet restricted)
rPois   +          Reflect  .    b - amulet of magic regeneration
rElec   .          Harm     .    n - ring of poison resistance
rCorr   .          Rampage  .    p - +6 ring of intelligence
Will    .....                    (no ring)
Stlth   ++++                     (no ring)
HPRegen 0.27/turn                (no ring)
MPRegen 0.55/turn                (no ring)
                                 (no ring)
                                 (no ring)

@: no status effects
A: almost no armour, amphibious, 8 rings, camouflage 1, gelatinous body 1,
(nimble swimmer 1), tentacles
a: Renounce Religion, Channel Magic


You were on level 6 of the Dungeon.
You worshipped Sif Muna.
Sif Muna was aware of your devotion.
You visited 2 branches of the dungeon, and saw 7 of its levels.

You collected 287 gold pieces.

Inventory:

Hand Weapons
 c - a +0 dagger
 i - a +0 dagger of venom
 o - a +4 rapier (weapon)
Jewellery
 b - an amulet of magic regeneration (around mantle)
 n - a ring of poison resistance (left tentacle)
 p - a +6 ring of intelligence (right tentacle)
Wands
 r - a wand of charming (12)
Scrolls
 f - a scroll of noise
 g - a scroll of poison
 j - 2 scrolls of torment
 k - a scroll of enchant weapon
 m - 2 scrolls of enchant armour
 q - a scroll of teleportation
Potions
 a - a potion of magic
 d - 3 potions of curing
 e - 4 potions of haste
 h - 3 potions of flight
 l - a potion of degeneration


   Skills:
 + Level 0.5 Fighting
 + Level 0.3 Short Blades
 + Level 3.1 Dodging
 + Level 4.3 Stealth
 + Level 6.2 Spellcasting
 + Level 4.7 Conjurations
 + Level 6.7 Fire Magic
 + Level 0.3 Air Magic


You had 6 spell levels left.
You knew the following spells:

 Your Spells              Type           Power      Damage    Failure   Level
a - Foxfire               Conj/Fire      100%       2x1d9     1%          1
b - Swiftness             Air            9%         N/A       19%         3
c - Inner Flame           Hex/Fire       25%        N/A       5%          3
d - Flame Wave            Conj/Fire      37%        2d10      6%          4
e - Scorch                Fire           84%        2d9       1%          2

Your spell library contained the following spells:

 Spells                   Type           Power      Damage    Failure   Level
 Kindle Blastsparks       Fire/Tloc/Air  40%        2d13      8%          3
 Ensorcelled Hibernation  Hex/Ice        16%        N/A       11%         2
 Passwall                 Tmut/Erth      6%         N/A       11%         2
 Portal Projectile        Hex/Tloc       16%        N/A       21%         3
 Tukima's Dance           Hex            8%         N/A       21%         3
 Blade Hands              Tmut           4%         N/A       88%         5


Dungeon Overview and Level Annotations

Branches:
Dungeon (6/15)             Temple (1/1) D:4

Altars:
Ashenzari
Cheibriados
Dithmenos
Hepliaklqana
Makhleb
Nemelex Xobeh
Qazlal
Sif Muna
Uskayaw
Wu Jian
Xom
The Shining One

Shops:
D:1 =

Annotations:
D:6 2 transporters, kuniqs's ghost, novice MfGl


Innate Abilities, Weirdness & Mutations

You cannot wear most types of armour.
You are amphibious.
You can wear up to eight rings at the same time.
Your skin changes colour to match your surroundings (Stealth+).
Your rubbery body absorbs attacks. (AC +1, EV +1)
((You are camouflaged when in or above water. (Stealth+)))
You have tentacles for arms and can constrict up to eight enemies at once.


Message History

The centaur zombie is severely damaged.
The foxfire hits the centaur zombie.
The centaur zombie is almost destroyed.
Unknown command.
You puncture the centaur zombie!
You destroy the centaur zombie!
Sif Muna accepts your kill.
Unknown command.
Your foxfire dissipates!
Found a chain mail.
You now have 287 gold pieces (gained 9). 2 ufetubi come into view.
The ufetubus shouts!
An orc wizard comes into view. It is wielding a +0 dagger.
A shadow imp comes into view.
The ufetubus moves out of view.
A shadow imp comes into view.
The orc wizard shouts!
The orc wizard gestures wildly while chanting.
The orc wizard flickers and vanishes!
Deactivating autopickup; reactivate with Ctrl-A.
The shadow imp shouts, "Scamper home, thou puny elf-skinned crab-lanthorn!"
You hear a shout!
Casting: Foxfire (safe; 1% risk of failure)
Confirm with . or Enter, or press ? or * to list all spells.
Aiming: Inner Flame (dangerous; 5% risk of failure)
Press: ? - help, Dir - move target, f - ufetubus
Aim: an ufetubus (chance to affect: 86%)
The ufetubus is filled with an inner flame.
The ufetubus shouts!
The shadow imp shouts!
Casting: Inner Flame (dangerous; 5% risk of failure)
Confirm with . or Enter, or press ? or * to list all spells.
Flames lash the ufetubus.
The ufetubus is burned terribly!
Sif Muna accepts your kill.
The ufetubus explodes!
The fiery explosion engulfs you!!
Ouch! That really hurt!
* * * LOW HITPOINT WARNING * * *
You are engulfed in blazing flames.
You die...

#.....##.#
#..PPP...P
##.#.###.#
#...z.._..
#.#.###.#
#........#
##......#
#.##.##.##
#....### #
#.## #.##.#
..## +.##.#
#..#.
+[##.####
#..#.
+.##.@§§#
...#.
#######§.....
#.##. 5.5..
#< 5... #.
... #. .. ##
.


You could see 2 shadow imps and an ufetubus.

Vanquished Creatures
  Sigmund (D:2)
  2 water moccasins (D:5)
  An ice beast (D:6)
  A kobold brigand (D:6)
  2 bullfrogs (D:6)
  A scorpion (D:4)
  A necrophage (D:2)
  4 wights (D:6)
  A centaur zombie (D:6)
  An orc priest (D:5)
  5 hounds
  2 jellies
  An iguana (D:5)
  3 orc wizards
  Robin (D:2)
  4 adders
  2 shadow imps (D:6)
  2 white imps
  2 ufetubi (D:6)
  2 worms
  2 dart slugs
  22 orcs
  4 endoplasms
  12 goblins
  2 hobgoblins
  7 kobolds
  A quokka (D:4)
  7 ball pythons
  5 bats
  2 frilled lizards
  4 rats
107 creatures vanquished.

Vanquished Creatures (collateral kills)
  6 foxfires
6 creatures vanquished.

Vanquished Creatures (others)
  2 demonic plants (D:6)
  463 foxfires
  54 fungi (D:6)
  4 plants (D:5)
523 creatures vanquished.

Grand Total: 636 creatures vanquished

Notes
Turn   | Place    | Note
-------+----------+-------------------------------------------
     0 | D:1      | Conn the Octopode Fire Elementalist began the quest for the
                  | Orb.
     0 | D:1      | Reached XP level 1. HP: 11/11 MP: 3/3
   364 | D:1      | Found Ismalos's Jewellery Boutique.
   455 | D:1      | Reached XP level 2. HP: 17/17 MP: 5/5
   842 | D:2      | Found a faded altar of an unknown god.
   930 | D:2      | Reached XP level 3. HP: 18/21 MP: 2/6
  1053 | D:2      | Noticed a necrophage
  1079 | D:2      | Killed a necrophage
  1080 | D:2      | Reached XP level 4. HP: 16/27 MP: 3/8
  1155 | D:2      | Noticed Robin
  1175 | D:2      | Killed Robin
  1176 | D:2      | Reached XP level 5. HP: 16/31 MP: 5/9
  1454 | D:2      | Noticed Sigmund
  1461 | D:2      | Killed Sigmund
  1462 | D:2      | Reached XP level 6. HP: 36/36 MP: 6/11
  2579 | D:4      | Reached XP level 7. HP: 42/42 MP: 8/13
  2629 | D:4      | Reached skill level 5 in Fire Magic
  3046 | D:4      | Found a staircase to the Ecumenical Temple.
  3057 | Temple   | Entered the Ecumenical Temple
  3103 | Temple   | Became a worshipper of Sif Muna the Loreminder
  3334 | D:5      | Entered Level 5 of the Dungeon
  3801 | D:5      | Reached XP level 8. HP: 47/47 MP: 12/15
  4076 | D:6      | Found an ornate altar of the Wu Jian Council.
  4078 | D:6      | Found a broken altar of Ashenzari.
  4110 | D:5      | Learned a level 2 spell: Scorch
  4114 | D:5      | Learned a level 3 spell: Inner Flame
  4119 | D:5      | Learned a level 4 spell: Flame Wave
  4123 | D:5      | Learned a level 3 spell: Swiftness
  4148 | D:6      | Reached skill level 5 in Spellcasting
  4148 | D:6      | Found a transporter.
  4149 | D:6      | Found a transporter.
  4303 | D:6      | Noticed kuniqs's ghost (novice MfGl)
  4366 | D:6      | Reached * piety under Sif Muna
  4540 | D:6      | Engulfed by a cloud of flame

Illustrated notes

Levels and vault maps discovered:
D:1:      minmay_arrival_cross, layout_loops_corners, serial_shops,
          nicolae_shop_stone, chequers_serial_rivers_micro_b,
          minmay_pentomino_w2
D:2:      layout_rooms, shapermc_ecumenical_altar_hornbeckon, uniq_sigmund,
          uniq_robin
D:3:      layout_basic, minivault_19, moated_statue, minmay_checkerbox
D:4:      layout_basic, temple_pool_b, ebering_dispersal_statue_hall
D:5:      layout_basic, dk_vineyard_3, chequers_big_river
D:6:      layout_loops_cross, nicolae_yredelemnul_corpse_copse,
          mainiacjoe_overflow_alcove_4, mainiacjoe_overflow_catch_the_wave,
          serial_demonic, serial_demonic_a, serial_demonic_f, serial_demonic_d,
          serial_demonic_e, gammafunk_ghost_hive, uniq_crazy_yiuf_cottage
Temple:   regret_index_temple_waves

Skill      XL: |  1  2  3  4  5  6  7  8 |
---------------+-------------------------+-----
Stealth        | 3 4 |  4.3
Fire Magic     | 4 6 |  6.7
Spellcasting   | 3 4 6 |  6.2
Conjurations   | 2 3 4 |  4.7
Dodging        | 3 |  3.1
Fighting       | |  0.5
Short Blades   | |  0.3
Air Magic      | |  0.3

Action                     |  1- 3 |  4- 6 |  7- 9 || total
---------------------------+-------+-------+-------++-------
  Melee: Dagger            |     5 |    20 |       ||    25
         Constrict         |     1 |     6 |     3 ||    10
         Tentacles         |       |     3 |     3 ||     6
         Rapier            |       |       |    11 ||    11
   Cast: Foxfire           |    38 |   103 |   135 ||   276
         Scorch            |       |       |     5 ||     5
         Swiftness         |       |       |     1 ||     1
         Inner Flame       |       |       |     1 ||     1
         Flame Wave        |       |       |     1 ||     1
    Use: Scroll            |       |     6 |     6 ||    12
         Potion            |       |     1 |     1 ||     2
   Stab: Sleeping          |     2 |       |       ||     2
 Armour: Skin              |       |     1 |     1 ||     2
  Dodge: Dodged            |     6 |    12 |    14 ||    32

Table legend: (Time is in decaauts)
 A = Elapsed time spent in this place.
 B = Non-inter-level travel time spent in this place.
 C = Inter-level travel time spent in this place.
 D = Time resting spent in this place.
 E = Time spent auto-exploring this place.
 F = Levels seen in this place.
 G = Mean time per level.
                   A        B        C        D        E       F      G
               +--------+--------+--------+--------+--------+-----+--------+
         Total |   4521 |   4418 |    103 |    134 |   3231 |   7 |  645.9 |
       Dungeon |   4431 |   4371 |     60 |    134 |   3197 |   6 |  738.5 |
        Temple |     89 |     46 |     43 |      0 |     34 |   1 |   89.0 |
               +--------+--------+--------+--------+--------+-----+--------+

Top non-repeatable levels by time:
     D:3: 984 daAuts
     D:2: 820 daAuts
     D:5: 751 daAuts
     D:1: 743 daAuts
     D:4: 676 daAuts
     D:6: 456 daAuts
  Temple: 89 daAuts
